 Dungeon Crawl Stone Soup version 0.31-a0-803-g95b03c3367 (webtiles) character file.

Game seed: 5169456683293340975

39 Maratek the Trooper (level 3, 0/29 HPs)
             Began as a Demonspawn Fighter on Sept 20, 2023.
             Succumbed to a kobold's poison
             ... on level 2 of the Dungeon.
             The game lasted 00:01:05 (870 turns).

Maratek the Trooper (Demonspawn Fighter)             Turns: 870, Time: 00:01:05

Health: 0/29       AC:  6    Str: 18    XL:     3   Next: 26%
Magic:  3/3        EV:  9    Int:  9    God:
Gold:   21         SH:  4    Dex: 12    Spells: 2/2 levels left

rFire   . . .        a - +0 war axe
rCold   . . .        c - +0 buckler
rNeg    . . .        b - +0 scale mail
rPois   .            (helmet restricted)
rElec   .            (no cloak)
rCorr   .            (no gloves)
SInv    .            (no boots)
Will    .....        (no amulet) Stlth
                     (no ring)
HPRegen 0.24/turn    (no ring)
MPRegen 0.08/turn

%: no passive effects
@: lethally poisoned (0 -> -2)
A: antennae 1, claws 1
a: no special abilities


You were on level 2 of the Dungeon.
You visited 1 branch of the dungeon, and saw 2 of its levels.

You collected 21 gold pieces.

Inventory:

Hand Weapons
 a - a +0 war axe (weapon)
Armour
 b - a +0 scale mail (worn)
 c - a +0 buckler (worn)
Scrolls
 f - a scroll of identify {unknown}
 g - 2 scrolls of vulnerability {unknown}
 h - a scroll of amnesia {unknown}
Potions
 d - 2 potions of might
 e - a potion of curing {unknown}


   Skills:
 + Level 3.2 Fighting
 + Level 2.4 Axes
 + Level 2.9 Armour
 + Level 0.2 Dodging
 + Level 3.0 Shields


You had 2 spell levels left.
You didn't know any spells.
Your spell library was empty.

Dungeon Overview and Level Annotations

Branches:
Dungeon (2/15)

Altars:


Innate Abilities, Weirdness & Mutations

You have a pair of small antennae on your head.
You have sharp fingernails.


Message History

The jackal completely misses you.
You slash the jackal!
You kill the jackal!
You see here a jackal corpse.
You closely miss the kobold.
The kobold hits you with a +2 whip of venom.
You are poisoned.
The kobold closely misses you.
You barely miss the kobold.
You feel very sick.
The kobold hits you with a +2 whip of venom.
You are more poisoned.
You hit the kobold.
The kobold is moderately wounded.
You feel very sick. The kobold barely misses you.
The kobold hits you with a +2 whip of venom.
You are lethally poisoned!
You hit the kobold.
You kill the kobold!
You feel very sick.
You are too injured to fight recklessly!
You are too injured to fight recklessly!
There is a lethal amount of poison in your body!
* * * LOW HITPOINT WARNING * * *
You feel very sick.
You see here a +2 whip of venom.
* * * LOW HITPOINT WARNING * * *
You feel sick.
* * * LOW HITPOINT WARNING * * *
You feel sick.
* * * LOW HITPOINT WARNING * * *
You feel sick.
* * * LOW HITPOINT WARNING * * *
You feel sick.
* * * LOW HITPOINT WARNING * * *
You feel sick.
* * * LOW HITPOINT WARNING * * *
You feel sick.
You die...

#......... ..#
##.......# #.#
##.....## #.#
##...## #.# ##'##
#.# #.# #.# #.#
####.########.##
#@......).†....#
#.##.###..#.....#
#.##.#
#..##......
#.##.#
#..###...##
#.##.. .... .#.##
#.######..... .#
#.# #.#### ## #..
..#


There were no monsters in sight!

Vanquished Creatures
  A gnoll (D:1)
  3 dart slugs (D:1)
  3 bats (D:1)
  An endoplasm (D:1)
  2 hobgoblins (D:1)
  2 jackals (D:2)
  2 quokkas (D:1)
  4 ball pythons (D:1)
  2 frilled lizards (D:1)
  A kobold (D:2)
  2 rats (D:1)
23 creatures vanquished.

Notes
Turn   | Place    | Note
-------+----------+-------------------------------------------
     0 | D:1      | Maratek the Demonspawn Fighter began the quest for the Orb.
     0 | D:1      | Reached XP level 1. HP: 18/18 MP: 1/1
   200 | D:1      | Discovered your monstrous ancestry.
   200 | D:1      | Gained mutation: You have a pair of small antennae on your
                  | head. [demonic ancestry]
   200 | D:1      | Reached XP level 2. HP: 20/24 MP: 2/2
   540 | D:1      | Gained mutation: You have sharp fingernails. [demonic
                  | ancestry]
   540 | D:1      | Reached XP level 3. HP: 22/29 MP: 3/3
   868 | D:2      | HP: 1/29 [poisoned by a kobold]
   870 | D:2      | Succumbed to a kobold's poison

Illustrated notes

Levels and vault maps discovered:
D:1:      tarquinn_simple_flora_water_f, layout_basic, serial_bayou_pond_a
D:2:      minmay_inner_zag, layout_loops_corners,
          hellmonk_ecumenical_altar_watching_god, serial_shops, shop,
          uniq_terence, uniq_natasha, uniq_jessica

Skill      XL: |  1  2 |
---------------+-------+-----
Shields        | 3 |  3.0
Axes           | 2 |  2.4
Fighting       | |  3.2
Armour         | |  2.9
Dodging        | |  0.2

Action                     || total
---------------------------++-------
  Melee: War axe           ||    86
 Armour: Scale mail        ||    78
  Dodge: Dodged            ||    38
  Block: Buckler           ||    15

Table legend: (Time is in decaauts)
 A = Elapsed time spent in this place.
 B = Non-inter-level travel time spent in this place.
 C = Inter-level travel time spent in this place.
 D = Time resting spent in this place.
 E = Time spent auto-exploring this place.
 F = Levels seen in this place.
 G = Mean time per level.
                   A        B        C        D        E       F      G
               +--------+--------+--------+--------+--------+-----+--------+
         Total |    909 |    894 |     15 |      0 |    678 |   2 |  454.5 |
       Dungeon |    909 |    894 |     15 |      0 |    678 |   2 |  454.5 |
               +--------+--------+--------+--------+--------+-----+--------+

Top non-repeatable levels by time:
     D:1: 875 daAuts
     D:2: 34 daAuts
